 Dungeon Crawl Stone Soup version 0.17.2-1-ge4368a0 (webtiles) character file.

13 Goblin1989 the Insei (level 2, -1/22 HPs)
             Began as a Demigod Transmuter on Sept 28, 2017.
             Slain by an ooze (3 damage)
             ... on level 1 of the Dungeon.
             The game lasted 00:01:02 (491 turns).

Goblin1989 the Insei (Demigod Transmuter)            Turns: 491, Time: 00:01:02

Health: -1/22      AC:  2    Str: 13    XL:     2   Next: 12%
Magic:  6/7        EV: 12    Int: 17    God:
Gold:   0          SH:  0    Dex: 16    Spells: 1 memorised, 3 levels left

rFire  . . .     SeeInvis .       - Unarmed
rCold  . . .     Clarity  .     b - +0 robe
rNeg   . . .     SustAt   +     (no shield)
rPois  .         Gourm    .     (no helmet)
rElec  .         Spirit   .     (no cloak)
rCorr  .         Warding  .     (no gloves)
rMut   .         Stasis   .     (no boots)
MR     .....                    (no amulet)
Stlth  +.........               (no ring)
                                (no ring)

@: drained, not resistant to hostile enchantments, very unstealthy
A: high mp 1, sustain attributes
a: no special abilities


You were on level 1 of the Dungeon.
You were not hungry.

You visited 1 branch of the dungeon, and saw 1 of its levels.

Inventory:

Missiles
 a - 12 arrows
Armour
 b - a +0 robe (worn)
Scrolls
 d - a scroll of enchant armour {unknown}
Potions
 f - a potion of ambrosia {unknown}
Books
 c - a book of Changes

   Spells                             Type                      Level
   a - Beastly Appendage              Transmutation                1
   b - Sticks to Snakes               Transmutation                2
   c - Spider Form                    Transmutation/Poison         3
   d - Ice Form                       Ice/Transmutation            4
   e - Blade Hands                    Transmutation                5
Comestibles
 e - a bread ration {@e1}
 g - 3 chunks of flesh


   Skills:
 - Level 0.8(0.6) Fighting
 - Level 1.7(1.5) Dodging
 + Level 3.3(3.2) Unarmed Combat
 - Level 1.7(1.5) Spellcasting
 - Level 1.7(1.5) Transmutations


You had 3 spell levels left.
You knew the following spells:

 Your Spells              Type           Power        Failure   Level  Hunger
a - Beastly Appendage     Trmt           #.....       14%         1    ##.....


Dungeon Overview and Level Annotations

Branches:
Dungeon (1/15)


Innate Abilities, Weirdness & Mutations

You have an increased reservoir of magic (+10% MP).
Your attributes are resistant to harm.


Message History

The hobgoblin hits you but does no damage.
The bat barely misses you. The hobgoblin barely misses you. The ooze hits you.
You take 1 damage, and have 9/15 hp.
You are too injured to fight recklessly!
You are too injured to fight recklessly!
You are too injured to fight recklessly!
You are too injured to fight recklessly!
You are too injured to fight recklessly!
You are too injured to fight recklessly!
You are too injured to fight recklessly!
You are too injured to fight recklessly!
You are too injured to fight recklessly!
You are too injured to fight recklessly!
You are too injured to fight recklessly!
You are too injured to fight recklessly!
You are too injured to fight recklessly!
You are too injured to fight recklessly!
You are too injured to fight recklessly!
The bat barely misses you.
The ooze jiggles.
The bat hits you. The bat barely misses you.
You take 1 damage, and have 8/15 hp.
The hobgoblin barely misses you. The bat barely misses you.
The bat closely misses you. The ooze closely misses you. The bat hits you.
The ooze hits you.
* * * LOW HITPOINT WARNING * * *
You take 2 damage, and have 6/15 hp.
The bat hits you.
* * * LOW HITPOINT WARNING * * *
You take 1 damage, and have 5/15 hp.
The bat hits you.
* * * LOW HITPOINT WARNING * * *
You take 1 damage, and have 4/15 hp.
The bat hits you.
* * * LOW HITPOINT WARNING * * *
You take 1 damage, and have 3/15 hp.
The bat hits you but does no damage.
There is an open door here.
The bat hits you but does no damage.
Casting: Beastly Appendage
Confirm with . or Enter, or press ? or * to list all spells.
You grow a pair of large bovine horns.
The bat closely misses you. The bat hits you but does no damage.
You now have 4/5 mp.
The bat barely misses you.
You hit the bat. Your headbutt misses the bat.
The bat is heavily wounded.
The bat closely misses you.
You hit the bat but do no damage.
Your transformation is almost over.
The bat hits you.
* * * LOW HITPOINT WARNING * * *
The bat barely misses you.
You take 1 damage, and have 2/15 hp.
Unknown command.
The bat completely misses you.
There is an open door here.
You hit the bat.
The bat is heavily wounded.
The bat barely misses you.
You hit the bat.
You kill the bat!
You barely miss the hobgoblin.
You headbutt the hobgoblin, but do no damage.
Press: ? - help, v - describe, . - travel, g - get item
Here: a hobgoblin, wielding a dagger of draining A bat corpse.
The floor.
There are monsters nearby!
Press: ? - help, v - describe, . - travel, g - get item
Here: a hobgoblin, wielding a dagger of draining A bat corpse.
The floor.
Unknown command.
You hit the hobgoblin. You headbutt the hobgoblin.
You kill the hobgoblin!
You have reached level 2!
You hit the kobold.
The kobold is moderately wounded.
The kobold hits you with a dagger.
* * * LOW HITPOINT WARNING * * *
You take 2 damage, and have 2/22 hp.
You closely miss the kobold. Your headbutt misses the kobold.
The kobold is moderately wounded.
The kobold closely misses you.
Unknown command.
You closely miss the kobold.
The kobold is moderately wounded.
The kobold closely misses you.
You hit the kobold.
You kill the kobold!
You hit the hobgoblin.
The hobgoblin is heavily wounded.
Your horns disappear.
You hit the hobgoblin.
You kill the hobgoblin!
You hit the ooze.
The ooze is moderately wounded.
The ooze hits you.
You die...

.............█.█████
..........)..........
██████████....█......
. █.....████
....█.....█
...........█
.....████∆██ .....


█J█ .=.. ███@██ .$.. █....█ ... █....███████. █....∆....... █....████████ █....█
█....█ ████████....███████ ..................█ You could see an ooze.

Vanquished Creatures
  An ooze (D:1)
  A goblin (D:1)
  3 hobgoblins (D:1)
  A kobold (D:1)
  2 bats (D:1)
8 creatures vanquished.

Notes
Turn   | Place    | Note
--------------------------------------------------------------
     0 | D:1      | Goblin1989 the Demigod Transmuter began the quest for the Orb.
     0 | D:1      | Reached XP level 1. HP: 15/15 MP: 5/5
   130 | D:1      | Reached skill level 3 in Unarmed Combat
   484 | D:1      | Reached XP level 2. HP: 4/22 MP: 5/7
   491 | D:1      | Slain by an ooze

Action                   || total
-------------------------++-------
Melee: Unarmed           ||    37
 Cast: Beastly Appendage ||     2

Vault maps used:
D:1:      dpeg_arrival_pits
